 Dungeon Crawl Stone Soup version 0.21.1-1-g345015f (webtiles) character file.

45165 Supreme the Geomancer (level 14, -1/78 HPs)
             Began as a Gargoyle Earth Elementalist on Apr 6, 2018.
             Was a High Priest of Vehumet.
             Slain by Agrougrou's ghost (10 damage)
             ... on level 2 of the Orcish Mines on Apr 7, 2018.
             The game lasted 05:23:29 (16079 turns).

Supreme the Geomancer (GrEE)                       Turns: 16079, Time: 05:23:30

Health: -1/78      AC: 22    Str: 14    XL:     14   Next: 31%
Magic:  20/30      EV: 14    Int: 27    God:    Vehumet [*****.]
Gold:   823        SH:  0    Dex: 15    Spells: 17/37 levels left

rFire    . . .     SeeInvis .   O - +1 flail (crush)
rCold    . . .     Gourm    .   (no shield)
rNeg     + . .     Faith    .   f - +2 leather armour "Tegul" {Regen+ Str+3}
rPois    ∞         Spirit   .   R - +0 helmet
rElec    +         Reflect  .   c - +0 cloak
rCorr    .         Harm     +   l - +3 pair of gauntlets of War {Slay+5}
MR       +....                  P - +0 pair of boots
Stlth    +++.......             G - amulet of harm
HPRegen  0.63/turn              k - +5 ring of dexterity
MPRegen  0.22/turn              q - +5 ring of intelligence

@: flying, hasted, very quick
A: big wings, negative energy resistance 1, electricity resistance, unbreathing,
petrification resistance, rot immunity, AC +10
a: Stop Flying, Renounce Religion


You were on level 2 of the Orcish Mines.
You worshipped Vehumet.
Vehumet was extremely pleased with you.
You were not hungry.

You visited 4 branches of the dungeon, and saw 20 of its levels.

You collected 1373 gold pieces.
You spent 550 gold pieces at shops.

Inventory:

Hand Weapons
 O - a +1 flail of crushing (weapon)
Missiles
 b - 72 stones (quivered)
 Y - 2 curare-tipped needles
Armour
 c - a +0 cloak (worn)
 f - the +2 leather armour "Tegul" (worn) {Regen+ Str+3}
   (You found it on level 7 of the Dungeon)

   It affects your strength (+3).
   It increases your rate of regeneration.
 l - the +3 pair of gauntlets of War (worn) {Slay+5}
   (You found it on level 10 of the Dungeon)

   It affects your accuracy and damage with ranged weapons and melee attacks
   (+5).
 J - a +2 pair of gloves
 P - a +0 pair of boots (worn)
 R - a +0 helmet (worn)
Jewellery
 k - a +5 ring of dexterity (left hand)
 q - a +5 ring of intelligence (right hand)
 G - an amulet of harm (around neck)
 H - an uncursed ring of fire
 S - an uncursed ring of resist corrosion
Wands
 i - a wand of polymorph (13)
 z - a wand of enslavement (10)
 A - a wand of flame (8)
 D - a wand of random effects (8)
 I - a wand of paralysis (12)
 V - a wand of disintegration (27)
 X - a wand of acid (7)
Scrolls
 e - a scroll of random uselessness {unknown}
 w - 4 scrolls of fog
 y - a scroll of blinking
Potions
 j - 4 potions of curing
 o - a potion of lignification
 s - a potion of haste
Books
 n - a book of Geomancy

   Spells                             Type                      Level
   a - Sandblast                      Earth                        1
   b - Passwall                       Transmutation/Earth          2
   c - Stone Arrow                    Conjuration/Earth            3
   d - Petrify                        Transmutation/Earth          4
   e - Lee's Rapid Deconstruction     Earth                        5
Miscellaneous
 B - a lamp of fire (inert)
Comestibles
 a - 6 chunks of flesh
 d - 26 rations


   Skills:
 + Level 5.6 Fighting
 * Level 9.5 Maces & Flails
 + Level 0.8 Armour
 + Level 4.9 Dodging
 + Level 4.5 Stealth
 + Level 12.4 Spellcasting
 + Level 7.9 Conjurations
   Level 0.1 Hexes
 + Level 3.7 Necromancy
 + Level 3.6 Transmutations
 + Level 1.1 Fire Magic
 + Level 14.4 Earth Magic
 + Level 3.9 Evocations


You had 17 spell levels left.
You knew the following spells:

 Your Spells              Type           Power        Failure   Level  Hunger
a - Sandblast             Erth           ######       0%          1    None
b - Passwall              Tmut/Erth      ######....   1%          2    None
c - Stone Arrow           Conj/Erth      ######       1%          3    None
d - Lee's Rapid Deconstr  Erth           #######...   1%          5    ###....
e - Bolt of Magma         Conj/Fire/Erth ######....   1%          5    ###....
f - Animate Skeleton      Necr           N/A          1%          1    None
g - Ignite Poison         Fire/Tmut/Pois ####....     1%          3    None


Dungeon Overview and Level Annotations

Branches:
Dungeon (11/15)            Temple (1/1) D:7            Lair (6/6) D:10
  Swamp (0/4) Lair:3        Snake (0/4) Lair:3        Slime (0/5) Lair:5
    Orc (2/2) D:10
    Elf: Orc:2

Altars:
Ashenzari
Cheibriados
Dithmenos
Elyvilon
Fedhas
Gozag
Hepliaklqana
Kikubaaqudgha
Makhleb
Nemelex Xobeh
Okawaru
Qazlal
Ru
Sif Muna
Trog
Uskayaw
Vehumet
Wu Jian
Xom
Yredelemnul
Zin
The Shining One
Beogh

Shops:
D:4 *   D:8 *   Orc:1 !

Annotations:
D:3 Ijyb
Orc:1 Mesmaeker13's ghost, adept DgSk; Nergalle
Orc:2 Agrougrou's ghost, adept FoFi; Harold


Innate Abilities, Weirdness & Mutations

You are resistant to torment.
Your stone body is resilient. (AC +10)
You are immune to poison.
Your large and strong wings let you fly indefinitely.
You resist negative energy. (rN+)
You are resistant to electric shocks. (rElec)
You can survive without breathing.
You are immune to petrification.
You are immune to rotting.


Message History

The tomahawk of returning completely misses you.
The weapon returns to the orc warrior!
You feel much better.
The spectral orc warrior hits you but does no damage.
The warg bites you but does no damage. The orc warrior misses you.
The orc shouts!
You hear a shout! x3
The orc barely misses you. The warg barely misses you.
You feel yourself speed up. The warg barely misses you.
The ogre hits you with a giant club. Nergalle casts a spell at you.
Orcish apparitions take form around you.
Harold hits you with a dire flail of draining.
The orc warrior closely misses you.
There is a stone staircase leading down here.
You fly downwards.
Level annotation: Agrougrou's ghost, adept FoFi Agrougrou's ghost hits you!!
* * * LOW HITPOINT WARNING * * *
Agrougrou's ghost burns you!
You die...

.##. ... ...... ...
..............# ....
..$............### .....
..............##.##.....
........#.....#.........
.................o......
.............#.W@o......
..........#...o.@o......
<......<.#.#............
..........$.............
........................
........................
#............#..........
.#............#.........
....#..#......##......


You could see Harold, 2 orc warriors, an orc priest, Agrougrou's ghost and an
orc.

Vanquished Creatures
  Rupert (Lair:4)
  A dire elephant (Lair:5)
  Snorg (Lair:3)
  A fire dragon (Lair:6)
  Fannar (Lair:1)
  3 hydras
  3 two-headed ogres
  Sonja (Lair:1)
  A swamp dragon (Lair:6)
  2 orc sorcerers (D:10)
  A wolf spider (Lair:6)
  7 elephants
  A guardian serpent (Lair:6)
  Joseph (D:6)
  The ghost of HammerPanzer the Slasher, a novice DrBe of Trog (D:4)
  4 black mambas
  A centaur skeleton (D:10)
  6 spiny frogs
  3 rime drakes
  3 komodo dragons
  4 trolls
  2 polar bears
  Grinder (D:3)
  A hornet (D:10)
  13 blink frogs
  4 hippogriffs
  3 redbacks (Lair:6)
  Sigmund (D:3)
  21 yaks
  10 wyverns
  10 basilisks
  A wraith (D:10)
  A human (D:8)
  3 hogs (D:8)
  Grum (Lair:1)
  2 steam dragons (Lair:6)
  Edmund (D:4)
  Menkaure (D:7)
  An acid dragon (Lair:6)
  10 water moccasins
  3 wargs
  2 nagas (Lair:3)
  2 hell hounds (D:10)
  10 porcupines
  7 orc warriors
  2 swamp drakes (Lair:6)
  3 ice beasts
  3 sky beasts
  A black bear (D:6)
  A necrophage (D:9)
  6 ogres
  2 centaurs
  4 wolves
  7 crocodiles
  4 big kobolds
  11 bullfrogs
  A scorpion (D:9)
  7 wights (D:9)
  An electric eel (Lair:2)
  4 crimson imps
  4 howler monkeys
  A centaur zombie (D:6)
  2 hounds
  12 jellies
  A quasit (D:9)
  9 orc priests
  2 bullfrog skeletons
  9 orc wizards
  Terence (D:3)
  6 iguanas
  7 worker ants
  A hound zombie (D:10)
  A hound skeleton (D:9)
  8 adders
  3 shadow imps
  3 oozes
  2 adder zombies
  2 worms
  A dart slug (D:2)
  7 leopard geckos
  34 orcs
  A giant cockroach (D:2)
  6 goblins
  7 hobgoblins
  11 jackals
  A quokka (D:4)
  3 bats
  4 frilled lizards
  3 jackal skeletons
  22 kobolds
  A leopard gecko skeleton (D:4)
  A leopard gecko zombie (D:8)
  6 rats
  2 fungi
  A plant (Lair:6)
400 creatures vanquished.

Vanquished Creatures (collateral kills)
  3 black mambas (Lair:6)
  2 elephants
  4 spiny frogs
  2 hornets (Lair:6)
  5 blink frogs
  A redback (Lair:6)
  5 wyverns
  3 yaks (Lair:1)
  A basilisk (Lair:2)
  4 water moccasins
  A porcupine (Lair:4)
  A black bear (Lair:2)
  4 wolves
  2 crocodiles (Lair:5)
  5 bullfrogs
  3 jellies (Lair:5)
  An orc wizard (Orc:1)
  A gnoll (Orc:1)
  A fungus (Lair:3)
  5 plants
54 creatures vanquished.

Vanquished Creatures (others)
  An orc warrior (Orc:1)
  13 fungi
  4 plants
18 creatures vanquished.

Grand Total: 472 creatures vanquished

Notes
Turn   | Place    | Note
-------+----------+-------------------------------------------
     0 | D:1      | Supreme the Gargoyle Earth Elementalist began the quest for the Orb.
     0 | D:1      | Reached XP level 1. HP: 10/10 MP: 3/3
   204 | D:1      | Reached XP level 2. HP: 13/15 MP: 5/5
   208 | D:1      | Learned a level 2 spell: Passwall
   476 | D:2      | Found a shattered altar of Ashenzari.
   516 | D:2      | Reached skill level 4 in Earth Magic
   714 | D:2      | Reached XP level 3. HP: 19/19 MP: 3/6
   851 | D:2      | Reached XP level 4. HP: 20/24 MP: 5/8
   901 | D:3      | Noticed Ijyb
   989 | D:2      | Learned a level 3 spell: Stone Arrow
  1026 | D:2      | Reached skill level 5 in Earth Magic
  1158 | D:2      | Found a bloodstained altar of Trog.
  1797 | D:4      | Found a radiant altar of Vehumet.
  1836 | D:4      | Found Eluetoll's Assorted Antiques.
  1838 | D:4      | Became a worshipper of Vehumet
  1849 | D:4      | Bought a short wooden wand for 92 gold pieces
  1877 | D:5      | Entered Level 5 of the Dungeon
  1880 | D:4      | Noticed HammerPanzer's ghost (novice DrBe)
  1901 | D:3      | Reached XP level 5. HP: 20/28 MP: 7/9
  2064 | D:3      | Noticed Grinder
  2072 | D:3      | Paralysed by Grinder for 5 turns
  2113 | D:3      | Killed Grinder
  2113 | D:3      | Reached skill level 1 in Maces & Flails
  2113 | D:3      | Reached XP level 6. HP: 9/33 MP: 1/11
  2159 | D:3      | Noticed Sigmund
  2365 | D:3      | Learned a level 5 spell: Lee's Rapid Deconstruction
  2389 | D:3      | Killed Sigmund
  2389 | D:3      | Reached skill level 1 in Fighting
  2389 | D:3      | Reached skill level 1 in Conjurations
  2389 | D:3      | Reached skill level 6 in Earth Magic
  2389 | D:3      | Reached skill level 1 in Evocations
  2389 | D:3      | Reached XP level 7. HP: 33/38 MP: 1/13
  2735 | D:5      | Reached * piety under Vehumet
  2735 | D:5      | Offered knowledge of Shock by Vehumet.
  2923 | D:4      | Killed HammerPanzer's ghost
  2923 | D:4      | Reached skill level 5 in Spellcasting
  2923 | D:4      | Reached skill level 7 in Earth Magic
  2923 | D:4      | Reached XP level 8. HP: 13/44 MP: 0/15
  3225 | D:4      | Found a deep blue altar of Sif Muna.
  3420 | D:4      | Noticed Edmund
  3435 | D:4      | Killed Edmund
  3661 | D:4      | Reached ** piety under Vehumet
  3669 | D:4      | Offered knowledge of Flame Tongue by Vehumet.
  3865 | D:4      | Bought a curved ivory wand for 92 gold pieces
  3870 | D:4      | Reached skill level 8 in Earth Magic
  3928 | D:3      | Noticed Terence
  3938 | D:3      | Killed Terence
  4131 | D:3      | You fall through a shaft for 3 floors!
  4384 | D:7      | Reached skill level 1 in Transmutations
  4391 | D:7      | Reached XP level 9. HP: 48/48 MP: 10/17
  4407 | D:7      | Found a staircase to the Ecumenical Temple.
  4710 | D:6      | Found a sacrificial altar of Ru.
  5585 | D:8      | Found Eleoham's Assorted Antiques.
  5593 | D:8      | Bought a scroll labeled SUICWETHRAO for 21 gold pieces
  5593 | D:8      | Bought an amethyst potion for 18 gold pieces
  5593 | D:8      | Bought a scroll labeled MIYCIPN CYMEOM for 21 gold pieces
  5593 | D:8      | Bought a scroll labeled OKKAULAOJE for 21 gold pieces
  5593 | D:8      | Bought a marble ring for 105 gold pieces
  5675 | D:9      | Noticed a two-headed ogre
  5707 | D:7      | Noticed Joseph
  5751 | D:6      | Killed Joseph
  5751 | D:6      | Reached skill level 9 in Earth Magic
  5873 | D:7      | Noticed Menkaure
  5876 | D:7      | Killed Menkaure
  6042 | D:7      | Got a faintly glowing leather armour
  6154 | D:7      | Identified the +2 leather armour "Tegul" {Regen+ Str+3} (You found it on level 7 of the Dungeon)
  6155 | D:7      | Got a shimmering long sword
  6156 | D:7      | Identified the +1 long sword "Roxifaih" {elec, +Blink rPois MR+ Str+5 Int-5} (You found it on level 7 of the Dungeon)
  6221 | Temple   | Entered the Ecumenical Temple
  6342 | D:8      | Got a bloodstained chain mail
  6359 | D:8      | Identified the cursed +1 chain mail of Liberalism {MR++ Int+4 SInv} (You found it on level 8 of the Dungeon)
  6454 | D:8      | Offered knowledge of Inner Flame by Vehumet.
  6459 | D:8      | Learned a level 3 spell: Inner Flame
  6823 | D:8      | Reached XP level 10. HP: 50/55 MP: 20/20
  6901 | D:9      | Reached skill level 10 in Earth Magic
  6909 | D:9      | Reached *** piety under Vehumet
  7154 | D:9      | Found a white marble altar of Elyvilon.
  7170 | D:9      | Killed a two-headed ogre
  7190 | D:10     | Entered Level 10 of the Dungeon
  7259 | D:10     | Found a staircase to the Lair.
  7329 | D:10     | Offered knowledge of Force Lance by Vehumet.
  7371 | D:11     | Got a twisted scimitar
  7506 | D:10     | Identified the cursed +2 scimitar of the Absolute Madman {elec, Dex+7} (You found it on level 11 of the Dungeon)
  7530 | D:10     | Reached skill level 11 in Earth Magic
  7672 | D:10     | Reached XP level 11. HP: 60/60 MP: 14/24
  7729 | D:10     | Reached **** piety under Vehumet
  7835 | D:10     | Learned a level 1 spell: Animate Skeleton
  7846 | D:9      | Found a glowing golden altar of the Shining One.
  7973 | D:9      | Noticed a two-headed ogre
  7979 | D:9      | Killed a two-headed ogre
  8126 | D:9      | Offered knowledge of Ignite Poison by Vehumet.
  8395 | D:10     | Learned a level 3 spell: Ignite Poison
  8432 | D:10     | Found a transporter.
  8438 | D:10     | Found the +3 pair of gauntlets of War {Slay+5}
  8503 | D:10     | Found a staircase to the Orcish Mines.
  8916 | Lair:1   | Entered Level 1 of the Lair of Beasts
  8932 | Lair:1   | Reached skill level 5 in Conjurations
  8936 | Lair:1   | Reached skill level 5 in Maces & Flails
  8955 | Lair:1   | Noticed a six-headed hydra
  9092 | Lair:1   | Noticed Fannar
  9110 | Lair:1   | Killed Fannar
  9161 | Lair:1   | Noticed Grum
  9170 | Lair:1   | Killed Grum
  9206 | Lair:1   | Identified the Disquisition on Gliding Toxins
  9246 | Lair:1   | Noticed Sonja
  9257 | Lair:1   | Reached skill level 10 in Spellcasting
  9262 | Lair:1   | Killed Sonja
  9262 | Lair:1   | Reached skill level 1 in Necromancy
  9262 | Lair:1   | Reached skill level 12 in Earth Magic
  9526 | Lair:1   | Killed a six-headed hydra
  9526 | Lair:1   | Reached XP level 12. HP: 67/67 MP: 15/26
 10852 | Lair:3   | Found a staircase to the Swamp.
 10869 | Lair:3   | Found a staircase to the Snake Pit.
 11141 | Lair:3   | Noticed Snorg
 11463 | Lair:6   | Entered Level 6 of the Lair of Beasts
 11770 | Lair:5   | Found a staircase to the Slime Pits.
 11869 | Lair:5   | Reached ***** piety under Vehumet
 11928 | Lair:5   | Offered knowledge of Bolt of Magma by Vehumet.
 11928 | Lair:5   | Reached skill level 13 in Earth Magic
 11929 | Lair:5   | Noticed a dire elephant
 11944 | Lair:5   | Learned a level 5 spell: Bolt of Magma
 11953 | Lair:5   | Noticed a four-headed hydra
 12013 | Lair:5   | Killed a dire elephant
 12074 | Lair:5   | Reached XP level 13. HP: 72/72 MP: 2/28
 12479 | Lair:4   | Noticed Rupert
 12482 | Lair:4   | Paralysed by Rupert for 6 turns
 13149 | Lair:3   | Killed Snorg
 13439 | Lair:4   | Paralysed by Rupert for 2 turns
 13446 | Lair:4   | Paralysed by Rupert for 6 turns
 13453 | Lair:4   | Killed Rupert
 13453 | Lair:4   | Reached skill level 5 in Fighting
 13975 | Lair:6   | Reached skill level 1 in Fire Magic
 14382 | Lair:6   | Reached skill level 14 in Earth Magic
 14417 | Lair:6   | Gained mutation: Your large and strong wings let you fly indefinitely. [Gargoyle growth]
 14417 | Lair:6   | Reached XP level 14. HP: 58/78 MP: 13/30
 14869 | Lair:6   | Got a polished dagger
 14870 | Lair:6   | Identified the cursed +1 dagger "Erchenwau" {freeze, +Blink Int-4 Dex+4 SInv} (You found it on level 6 of the Lair of Beasts)
 15385 | D:10     | Found a roughly hewn altar of Beogh.
 15401 | D:10     | Offered knowledge of Fireball by Vehumet.
 15502 | D:10     | Found a transporter.
 15787 | Orc:1    | Entered Level 1 of the Orcish Mines
 15817 | Orc:1    | Noticed Mesmaeker13's ghost (adept DgSk)
 15830 | Orc:2    | Entered Level 2 of the Orcish Mines
 15830 | Orc:2    | Noticed Agrougrou's ghost (adept FoFi)
 15844 | Orc:1    | Found Diepsul's Distillery.
 15844 | Orc:1    | Noticed Harold
 15845 | Orc:1    | Noticed Nergalle
 16016 | Orc:1    | Bought a potion of heal wounds for 60 gold pieces
 16016 | Orc:1    | Bought a potion of haste for 120 gold pieces
 16079 | Orc:2    | Slain by Agrougrou's ghost

Skill      XL: |  1  2  3  4  5  6  7  8  9 10 11 12 13 |
---------------+----------------------------------------+-----
Earth Magic    | 4 5 6 7 8 9 11 12 13 14 | 14.4
Spellcasting   | 3 4 5 7 9 10 11 12 | 12.4
Maces & Flails | 1 2 3 4 5 7 9 |  9.5
Dodging        | 2 3 4 |  4.9
Fighting       | 1 2 3 4 5 |  5.6
Conjurations   | 1 2 3 4 5 7 |  7.9
Evocations     | 1 2 3 |  3.9
Stealth        | 3 4 |  4.5
Transmutations | 1 2 3 |  3.6
Necromancy     | 1 2 3 |  3.7
Fire Magic     | 1 |  1.1
Armour         | |  0.8
Hexes          | |  0.1

Action                   |  1- 3 |  4- 6 |  7- 9 | 10-12 | 13-15 || total
-------------------------+-------+-------+-------+-------+-------++-------
Melee: Club              |    61 |    39 |    43 |       |       ||   143
       Flail             |       |       |    72 |   135 |   134 ||   341
       Quarterstaff      |       |       |       |    30 |       ||    30
       Dire flail        |       |       |       |     1 |       ||     1
 Fire: Shortbow          |       |       |     7 |       |       ||     7
       Blowgun           |       |       |       |     6 |     3 ||     9
Throw: Tomahawk          |     1 |     1 |    11 |       |       ||    13
       Stone             |       |       |     1 |       |       ||     1
 Cast: Sandblast         |    29 |    25 |    47 |   112 |    60 ||   273
       Stone Arrow       |       |    12 |    79 |   156 |    71 ||   318
       Passwall          |       |       |    15 |    15 |    16 ||    46
       Lee's Rapid Decon |       |       |     1 |     4 |    15 ||    20
       Inner Flame       |       |       |       |     3 |       ||     3
       Animate Skeleton  |       |       |       |    36 |    51 ||    87
       Bolt of Magma     |       |       |       |     1 |    18 ||    19
       Ignite Poison     |       |       |       |       |     2 ||     2
 Abil: Fly               |       |       |       |       |     1 ||     1
Evoke: Wand              |       |    12 |    28 |    21 |    16 ||    77
       Lamp of fire      |       |       |       |       |     1 ||     1
       Box of beasts     |       |       |       |       |     1 ||     1
  Use: Potion            |       |       |     1 |     1 |    11 ||    13
       Scroll            |       |       |    11 |    12 |    18 ||    41
 Stab: Sleeping          |     1 |       |       |     1 |     4 ||     6
       Distracted        |       |       |       |     1 |     2 ||     3
  Eat: Chunk             |       |     6 |    18 |    18 |    11 ||    53
       Ration            |       |       |       |       |     1 ||     1
Armor: Robe              |    28 |     2 |     1 |       |       ||    31
       Ring mail         |       |    27 |    49 |       |       ||    76
       Leather armour    |       |       |    24 |   106 |   161 ||   291
       Chain mail        |       |       |    52 |    42 |       ||    94
Dodge: Dodged            |    60 |    38 |    88 |   194 |   220 ||   600
